 Dungeon Sprint DCSS version 0.16.1-11-g651b585 (webtiles) character file.

206 Ryushun the Skirmisher (level 6, -5/55 HPs)
             Began as a Formicid Fighter on Mar 30, 2015.
             Slain by a deep troll (12 damage)
             ... in the Dungeon (Sprint I: "Red Sonja").
             The game lasted 00:03:45 (644 turns).

Ryushun the Skirmisher (Formicid Fighter)            Turns: 644, Time: 00:03:45

Health: -5/55      AC:  9    Str: 23    XL:     6   Next: 10%
Magic:  8/8        EV: 11    Int:  7    God:
Gold:   304        SH: 11    Dex: 10    Spells: 0 memorised, 5 levels left

rFire  . . .     SeeInvis +     a - +0 trident
rCold  + . .     Clarity  .     b - +0 scale mail
rNeg   . . .     SustAb   .     c - +0 shield
rPois  .         Gourm    .     (helmet unavailable)
rElec  .         Spirit   .     (no cloak)
rCorr  .         Warding  .     p - +0 pair of gloves
rMut   .         Stasis   +     (no boots)
MR     .....                    (no amulet)
Stlth  ..........               (no ring)
                                r - ring of protection from cold

@: not resistant to hostile enchantments, extremely unstealthy
A: permanent stasis, dig shafts and tunnels, four strong arms, antennae 3
a: Dig


You were in the Dungeon.
You were not hungry.

You visited 1 branch You collected 304 gold pieces.

Inventory:

Hand weapons
 a - a +0 trident (weapon)
 k - a +0 dagger
 l - a +0 scythe
Missiles
 o - 20 stones (quivered)
Armour
 b - a +0 scale mail (worn)
 c - a +0 shield (worn)
 m - a +0 robe
 p - a +0 pair of gloves (worn)
Jewellery
 r - a ring of protection from cold (left hand)
Magical devices
 h - a wand of random effects (15)
Scrolls
 n - a scroll of remove curse {unknown}
Potions
 e - a potion of might
 g - a potion of heal wounds
 i - 2 potions of magic
 j - a potion of lignification {unknown}
Comestibles
 d - a bread ration
 q - a meat ration


   Skills:
 + Level 7.3 Fighting
 + Level 4.4 Polearms
 + Level 6.6 Armour
 * Level 4.4 Dodging
 + Level 1.0 Stealth
 + Level 7.1 Shields


You had 5 spell levels left.
You didn't know any spells.

Dungeon Overview and Level Annotations

Branches:
Dungeon (1/1)

Altars:
Sif Muna
Vehumet


Innate Abilities, Weirdness & Mutations

You are under a permanent stasis effect.
You can dig through walls and to a lower floor.
Your four strong arms can wield two-handed weapons with a shield.
You have a pair of large antennae on your head (SInv).


Message History

You block the deep troll's attack. The deep troll closely misses you.
You block the deep troll's attack.
You barely miss the deep troll.
The deep troll is moderately wounded.
The deep troll barely misses you. The deep troll claws you.
The deep troll claws you but does no damage.
You barely miss the deep troll.
The deep troll is moderately wounded.
The deep troll bites you!!
The deep troll claws you but does no damage.
The deep troll claws you!
You hit the deep troll but do no damage.
The deep troll is lightly wounded.
You block the deep troll's attack. The deep troll claws you!
* * * LOW HITPOINT WARNING * * *
The deep troll closely misses you.
You feel better. The deep troll bites you!
* * * LOW HITPOINT WARNING * * *
The deep troll completely misses you. The deep troll claws you!
You die...

<.#..').#..'..#
..'..#..'..#..+
{
..#####'#####'#
###{ ..#
#..#...#.####§§#
..#
####..##.#≈§§§c#
..#
##'#..§§§§§§+ {
⌠⌠#
{+..._#≈§§§c#
### #_.#+##§####
##+# #§@..# {
##T### $.$ {
##### {{


You could see a deep troll.

Vanquished Creatures
  An ogre (D)
  Sigmund (D)
  A jelly (D)
  Ijyb (D)
4 creatures vanquished.

Vanquished Creatures (others)
  A gargoyle (D)
1 creature vanquished.

Grand Total: 5 creatures vanquished

Notes
Turn   | Place    | Note
--------------------------------------------------------------
     0 | D        | Ryushun, the Formicid Fighter, began the quest for the Orb.
     0 | D        | Reached XP level 1. HP: 18/18 MP: 1/1
     2 | D        | Noticed Ijyb
    14 | D        | Killed Ijyb
    14 | D        | Reached skill level 4 in Fighting
    14 | D        | Reached skill level 1 in Dodging
    14 | D        | Reached XP level 2. HP: 22/26 MP: 3/3
    57 | D        | Noticed an ogre
    73 | D        | Killed an ogre
    73 | D        | Reached skill level 5 in Fighting
    73 | D        | Reached skill level 5 in Armour
    73 | D        | Reached skill level 6 in Shields
    73 | D        | Reached XP level 3. HP: 4/34 MP: 4/4
    73 | D        | Reached XP level 4. HP: 4/40 MP: 5/5
    73 | D        | Reached XP level 5. HP: 4/46 MP: 7/7
   157 | D        | Killed a gargoyle
   357 | D        | Noticed Sigmund
   372 | D        | Killed Sigmund
   372 | D        | Reached skill level 7 in Shields
   460 | D        | Found a deep blue altar of Sif Muna.
   464 | D        | Noticed a jelly
   465 | D        | Found a radiant altar of Vehumet.
   470 | D        | Killed a jelly
   470 | D        | Reached skill level 1 in Stealth
   470 | D        | Reached XP level 6. HP: 37/55 MP: 8/8
   597 | D        | Noticed a centaur warrior
   612 | D        | Noticed a centaur warrior
   636 | D        | Noticed a deep troll
   644 | D        | Slain by a deep troll

Action                   |  1- 3 |  4- 6 || total
-------------------------+-------+-------++-------
Melee: Trident           |    26 |    24 ||    50
  Use: Potion            |       |     1 ||     1
